 Dungeon Crawl Stone Soup version 0.21-a0-278-ga722497 (webtiles) character file.

5979 motkurip the Fighter (level 10, -1/67 HPs)
             Began as a Gargoyle Gladiator on Sept 21, 2017.
             Was a Priest of Makhleb.
             Slain by a two-headed ogre
             ... wielding a +0 giant club
              (12 damage)
             ... on level 9 of the Dungeon.
             The game lasted 00:22:15 (4290 turns).

motkurip the Fighter (Gargoyle Gladiator)           Turns: 4290, Time: 00:22:16

Health: -1/67      AC: 27    Str: 18    XL:     10   Next: 85%
Magic:  13/13      EV:  7    Int: 11    God:    Makhleb [***...]
Gold:   432        SH:  0    Dex: 14    Spells: 9/9 levels left

rFire    . . .     SeeInvis .   e - +0 hand axe (elec)
rCold    + . .     Gourm    .   (no shield)
rNeg     + . .     Faith    +   z - +0 plate armour (curse)
rPois    ∞         Spirit   .   c - +0 helmet
rElec    +         Reflect  .   (no cloak)
rCorr    .         Harm     .   q - +2 pair of gloves
MR       .....     Rnd*Tele +   K - +0 pair of boots
Stlth    ..........             m - amulet of faith
HPRegen  0.21/turn              h - ring of flight
MPRegen  0.13/turn              T - ring of wizardry

@: flying
A: clever 1, cold resistance 1, negative energy resistance 1, electricity
resistance, teleportitis 1, unbreathing, petrification resistance, rot immunity,
MP-powered wands, AC +7
a: Minor Destruction, Lesser Servant of Makhleb, Renounce Religion, Stop Flying


You were on level 9 of the Dungeon.
You worshipped Makhleb.
Makhleb was most pleased with you.
You were not hungry.

You visited 2 branches of the dungeon, and saw 10 of its levels.
You also visited: Bailey.

You collected 432 gold pieces.

Inventory:

Hand Weapons
 a - a +1 war axe
 e - a +0 hand axe of electrocution (weapon)
 g - a +10 club
 i - a +2 hand axe of distortion
 C - the +6 falchion of Doors {slice, rPois rN+}
   (You found it on level 4 of the Dungeon)

   It inflicts extra damage upon your enemies.
   It protects you from poison.
   It protects you from negative energy.
 H - a +0 flail of holy wrath
 Q - a +1 battleaxe of draining
Missiles
 d - 3 throwing nets (quivered)
 B - 5 javelins
Armour
 c - a +0 helmet (worn)
 q - a +2 pair of gloves (worn)
 z - a cursed +0 plate armour (worn)
 D - a +0 chain mail
 K - a +0 pair of boots (worn)
Jewellery
 h - a ring of flight (left hand)
 m - an amulet of faith (around neck)
 T - a ring of wizardry (right hand)
Wands
 b - a wand of confusion (17/48)
 s - a wand of flame (11/48)
 y - a wand of disintegration (6/24)
 J - a wand of paralysis (12/24)
 S - a wand of confusion (32/48)
Scrolls
 j - 2 scrolls of remove curse
 n - 2 scrolls of teleportation
 o - a scroll of amnesia {unknown}
 p - 2 scrolls of enchant armour {unknown}
 v - a scroll of fear {unknown}
 w - a scroll of magic mapping {unknown}
 x - a scroll of blinking {unknown}
 G - 4 scrolls of enchant weapon
 M - a scroll of recharging {unknown}
 N - a scroll of acquirement {unknown}
 R - a scroll of torment {unknown}
Potions
 k - 2 potions of cancellation {unknown}
 l - a potion of lignification {unknown}
 r - 2 potions of flight
 u - 5 potions of curing
 A - a potion of haste {unknown}
 E - a potion of invisibility {unknown}
 F - 4 potions of brilliance {unknown}
 P - a potion of experience {unknown}
 U - a potion of berserk rage
Books
 O - the Tome of Calling and Displacement
   (You found it in a bailey)

   Spells                             Type                      Level
   a - Apportation                    Translocation                1
   b - Portal Projectile              Hexes/Translocation          3
   c - Call Canine Familiar           Summoning                    3
   d - Summon Forest                  Summoning/Translocation      5
   e - Malign Gateway                 Summoning/Translocation      7
Comestibles
 f - 3 bread rations
 t - a royal jelly
 I - 2 meat rations
 L - 2 chunks of flesh


   Skills:
 + Level 9.7 Fighting
 * Level 9.1 Axes
 - Level 2.0 Throwing
 + Level 9.4 Armour
 - Level 2.4 Dodging
 - Level 4.1 Invocations


You had 9 spell levels left.
You didn't know any spells.

Dungeon Overview and Level Annotations

Branches:
Dungeon (9/15)             Temple (1/1) D:6
   Lair: D:8-11         Orc: D:9-12

Altars:
Ashenzari
Cheibriados
Dithmenos
Fedhas
Gozag
Hepliaklqana
Kikubaaqudgha
Makhleb
Nemelex Xobeh
Okawaru
Qazlal
Ru
Sif Muna
Trog
Uskayaw
Vehumet
Wu Jian
Xom
Yredelemnul
Zin

Annotations:
D:8 Prince Ribbit


Innate Abilities, Weirdness & Mutations

You are resistant to torment.
Your stone body is resilient. (AC +7)
You are immune to poison.
You resist negative energy. (rN+)
You are resistant to electric shocks. (rElec)
You can survive without breathing.
You are immune to petrification.
You are immune to rotting.
Your mind is acute. (Int +2)
Your flesh is cold resistant. (rC+)
You are occasionally teleported next to monsters.
You expend magic power (3 MP) to strengthen your wands.


Message History

The two-headed ogre is severely wounded.
The two-headed ogre hits you with a giant club!
* * * LOW HITPOINT WARNING * * *
The two-headed ogre hits you but does no damage.
You hit the two-headed ogre.
The two-headed ogre is severely wounded.
The two-headed ogre closely misses you.
The two-headed ogre hits you with a giant club.
* * * LOW HITPOINT WARNING * * *
You hit the two-headed ogre.
The two-headed ogre is severely wounded.
You hit the two-headed ogre but do no damage.
The two-headed ogre is severely wounded.
The two-headed ogre hits you but does no damage.
The two-headed ogre hits you with a giant club.
* * * LOW HITPOINT WARNING * * *
You barely miss the two-headed ogre.
The two-headed ogre is severely wounded.
The two-headed ogre hits you with a giant club!
You die...

≈♣≈))≈≈≈≈≈≈≈≈≈≈≈≈≈≈≈♣
≈≈≈≈≈≈≈≈≈≈≈≈≈≈≈≈≈≈≈≈
≈≈≈♣≈≈≈≈≈≈≈≈≈≈≈≈≈≈PPP
♣PP≈≈≈≈≈≈≈≈≈≈≈≈≈≈≈≈≈
≈≈≈≈♣≈≈≈P≈≈≈≈≈≈≈P≈PP
≈≈♣≈P≈≈≈♣≈≈≈≈≈≈≈≈≈≈≈
P≈♣♣♣≈≈P≈≈≈≈≈P≈♣;♣♣ #
♣♣♣♣♣≈≈♣≈≈♣♣O♣♣♣#
#PP≈≈≈≈≈≈≈@.?.#
##............#
#............+
#....(....?..#
#............#
#............#
#............#
#............#
#............#


You could see a two-headed ogre and an electric eel.

Vanquished Creatures
  An orc warlord (Bailey)
  A two-headed ogre (D:8)
  Grinder (D:6)
  3 yaks (D:8)
  Menkaure (D:6)
  Edmund (D:6)
  2 ice beasts
  3 orc warriors
  A phantom (D:7)
  A sky beast (D:5)
  A necrophage (D:6)
  3 centaurs
  A big kobold (D:8)
  3 bullfrogs
  A water moccasin skeleton (D:5)
  4 scorpions
  16 killer bees
  3 electric eels (D:9)
  A centaur zombie (D:9)
  A bullfrog zombie (D:6)
  3 crimson imps
  3 hounds (D:8)
  An orc priest (D:9)
  6 orc wizards
  A centaur skeleton (D:6)
  Ijyb (D:5)
  4 iguanas
  4 worker ants
  A hound zombie (D:9)
  2 hound skeletons
  Robin (D:3)
  3 adders
  A gnoll (Bailey)
  3 shadow imps
  2 oozes
  3 adder skeletons
  3 worms
  A dart slug (D:2)
  2 leopard geckos
  19 orcs
  5 bats
  8 giant cockroaches
  14 goblins
  12 hobgoblins
  13 jackals
  12 kobolds
  2 quokkas
  A ball python (D:3)
  3 frilled lizards
  A quokka skeleton (D:4)
  2 rats (D:1)
  A plant (D:9)
187 creatures vanquished.

Vanquished Creatures (others)
  A black bear (D:8)
  An orc warrior (Bailey)
2 creatures vanquished.

Grand Total: 189 creatures vanquished

Notes
Turn   | Place    | Note
-------+----------+-------------------------------------------
     0 | D:1      | motkurip the Gargoyle Gladiator began the quest for the Orb.
     0 | D:1      | Reached XP level 1. HP: 12/12 MP: 1/1
    93 | D:1      | Reached XP level 2. HP: 18/18 MP: 2/2
   467 | D:2      | Reached skill level 1 in Armour
   467 | D:2      | Reached XP level 3. HP: 16/22 MP: 3/3
   475 | D:2      | Found a faded altar of an unknown god.
   824 | D:3      | Found a sparkling altar of Nemelex Xobeh.
   956 | D:3      | Noticed Robin
   978 | D:3      | Reached XP level 4. HP: 21/27 MP: 4/4
   990 | D:3      | Killed Robin
  1072 | D:3      | Found a sacrificial altar of Ru.
  1262 | D:4      | Reached XP level 5. HP: 32/32 MP: 5/5
  1391 | D:5      | Entered Level 5 of the Dungeon
  1431 | D:4      | Reached XP level 6. HP: 20/38 MP: 6/6
  1585 | D:4      | Got a steaming falchion
  1586 | D:4      | Identified the +6 falchion of Doors {slice, rPois rN+} (You found it on level 4 of the Dungeon)
  1665 | D:5      | Noticed a sky beast
  1676 | D:5      | Killed a sky beast
  1683 | D:5      | Noticed Ijyb
  1691 | D:5      | Killed Ijyb
  1750 | D:5      | Reached skill level 5 in Axes
  1750 | D:5      | Reached XP level 7. HP: 11/44 MP: 7/7
  2194 | D:6      | Reached skill level 5 in Fighting
  2200 | D:6      | Found a staircase to the Ecumenical Temple.
  2204 | Temple   | Entered the Ecumenical Temple
  2241 | Temple   | Became a worshipper of Makhleb the Destroyer
  2285 | D:6      | Found a stormy altar of Qazlal.
  2419 | D:6      | Noticed Edmund
  2475 | D:6      | Killed Edmund
  2551 | D:6      | Reached XP level 8. HP: 49/51 MP: 8/8
  2563 | D:6      | Reached skill level 5 in Armour
  2666 | D:6      | Noticed Menkaure
  2676 | D:6      | Killed Menkaure
  2681 | D:6      | Noticed Grinder
  2994 | D:6      | Found a basalt altar of Yredelemnul.
  3001 | D:6      | Found an ornate altar of the Wu Jian Council.
  3005 | D:6      | Found an opulent altar of Gozag.
  3023 | D:6      | Killed Grinder
  3312 | D:7      | Reached XP level 9. HP: 56/57 MP: 9/9
  3330 | D:7      | Reached * piety under Makhleb
  3645 | D:8      | Gained mutation: You expend magic power (3 MP) to strengthen your wands. [potion of mutation]
  3645 | D:8      | Gained mutation: Your flesh is cold resistant. (rC+) [potion of mutation]
  3645 | D:8      | Gained mutation: You are occasionally teleported next to monsters. [potion of mutation]
  3645 | D:8      | Gained mutation: Your mind is acute. (Int +2) [potion of mutation]
  3660 | D:8      | Reached ** piety under Makhleb
  3752 | D:8      | Found a flagged portal.
  3758 | D:8      | Noticed Prince Ribbit
  3773 | Bailey   | Entered a bailey
  3779 | Bailey   | Noticed an orc warlord
  3854 | Bailey   | Found a runed gate.
  3859 | Bailey   | Found a runed gate.
  3861 | Bailey   | Found a runed gate.
  3918 | Bailey   | Reached skill level 1 in Invocations
  3967 | Bailey   | Reached XP level 10. HP: 62/65 MP: 3/10
  3974 | Bailey   | Killed an orc warlord
  3992 | Bailey   | Identified the Tome of Calling and Displacement
  4020 | D:8      | Reached *** piety under Makhleb
  4111 | D:8      | Noticed a two-headed ogre
  4124 | D:8      | Killed a two-headed ogre
  4276 | D:9      | Noticed a two-headed ogre
  4290 | D:9      | Slain by a two-headed ogre

Vault maps used:
D:1:      dpeg_arrival_short_road
D:2:      chequers_ecumenical_altar_simple, first_bread, lightli_corner_chamber
D:3:      nemelex_xobeh_ov_fountains_minmay,
          nicolae_ru_great_annihilating_truth, uniq_robin
D:4:      kennysheep_windowed_goal
D:5:      elyvilon_altar_1, uniq_ijyb
D:6:      nicolae_overflow_hidden_temple, minmay_overflow_temple_star_quad,
          minmay_temple_entry_butterflies, uniq_grinder, uniq_edmund,
          uniq_menkaure
D:7:      minivault_22
D:8:      enter_bailey_2, david_nohive_1, uniq_prince_ribbit1
D:9:      tso_metal_star, serial_bayou_lake_a
Temple:   eino_wide_crystal_templ
Bailey:   bailey_axe_bossmonster_kennysheep, bailey

Skill      XL: |  1  2  3  4  5  6  7  8  9 10 |
---------------+-------------------------------+-----
Throwing       | 2 |  2.0
Axes           | 3 4 5 6 8 9 |  9.1
Armour         | 1 2 3 4 6 8 9 |  9.4
Fighting       | 3 4 5 7 8 9 |  9.7
Invocations    | 1 4 |  4.1
Dodging        | |  2.4

Action                   |  1- 3 |  4- 6 |  7- 9 | 10-12 || total
-------------------------+-------+-------+-------+-------++-------
Melee: War axe           |   132 |    83 |   392 |       ||   607
       Falchion          |       |    27 |    21 |       ||    48
       Hand axe          |       |       |    38 |    77 ||   115
 Abil: Evoke Flight      |       |       |       |     2 ||     2
Evoke: Wand              |       |       |     7 |     1 ||     8
  Use: Scroll            |       |     1 |     8 |       ||     9
       Potion            |       |       |     3 |     1 ||     4
 Stab: Paralysed         |       |     1 |       |       ||     1
       Confused          |       |       |     1 |     2 ||     3
  Eat: Chunk             |       |     3 |     6 |     2 ||    11
       Royal jelly       |       |       |     1 |       ||     1
Armor: Ring mail         |    59 |    33 |       |       ||    92
       Leather armour    |     1 |       |       |       ||     1
       Chain mail        |       |    20 |   472 |    19 ||   511
       Plate armour      |       |       |       |    36 ||    36
Dodge: Dodged            |   108 |    64 |   299 |    25 ||   496
       Rpst.: Falchion   |       |     2 |     2 |       ||     4

Table legend:
 A = Spawn XP
 B = Non-spawn XP
 C = Spawn XP percentage of total XP
 D = Spawn monster count
 E = Non-spawn monster count
 F = Spawn count percentage of total count
 G = Total turns spent on level
                    A         B        C        D         E        F      G
               +---------+---------+-------+---------+---------+-------+---------
         Total |       0 |    8542 |   0.0 |       0 |     188 |   0.0 |  4290
               +---------+---------+-------+---------+---------+-------+---------
           D:1 |       0 |      28 |   0.0 |       0 |      16 |   0.0 |   427
           D:2 |       0 |      31 |   0.0 |       0 |       9 |   0.0 |   327
           D:3 |       0 |     104 |   0.0 |       0 |      27 |   0.0 |   504
           D:4 |       0 |     153 |   0.0 |       0 |      10 |   0.0 |   330
           D:5 |       0 |     428 |   0.0 |       0 |      17 |   0.0 |   610
           D:6 |       0 |    1249 |   0.0 |       0 |      21 |   0.0 |   743
           D:7 |       0 |     854 |   0.0 |       0 |      18 |   0.0 |   498
           D:8 |       0 |    3183 |   0.0 |       0 |      37 |   0.0 |   399
           D:9 |       0 |     555 |   0.0 |       0 |      13 |   0.0 |   161
        Bailey |       0 |    1957 |   0.0 |       0 |      20 |   0.0 |   238
               +---------+---------+-------+---------+---------+-------+---------
